| TOP OF THE 1ST |
|
Grand Junction Rockies batting - Pitching for San Diego (APP) Padres : RHP Sam Barbuto
|
|
Pitching: RHP Sam Barbuto
|
|
|
Batting: SHB Rich McDonald
|
0-0: Ball 1-0: Called Strike 1-1: Ball 2-1: Ball 3-1: Foul Ball, location: 2F 3-2: Strikes out swinging
|
|
Batting: RHB Ivan Castaneda
|
0-0: SINGLE (Groundball, 6D, EV 104.4 MPH)
|
|
Batting: RHB Justin Garrett
|
0-0: Called Strike 0-1: Ball Ivan Castaneda steals 2nd, throwing error, E2 Ivan Castaneda to third 1-1: Swinging Strike 1-2: Strikes out swinging
|
|
Batting: RHB Josh Lofgreen
|
0-0: Ground out U3 (Groundball, 3, EV 93.8 MPH)
|
| Top of the 1st over - 0 runs, 1 hit, 1 error, 1 left on base; Grand Junction 0 - San Diego (APP) 0 |
| BOTTOM OF THE 1ST |
|
San Diego (APP) Padres batting - Pitching for Grand Junction Rockies : LHP Ernesto Galindo
|
|
Pitching: LHP Ernesto Galindo
|
|
|
Batting: RHB Elias Vences
|
0-0: Ball 1-0: Swinging Strike 1-1: Ball 2-1: Called Strike 2-2: SINGLE (Line Drive, 9LM, EV 103.8 MPH)
|
|
Batting: RHB Victor Contreras
|
0-0: Ball Passed Ball! Elias Vences to second 1-0: Fly out, F1 (Popup, 13, EV 76.9 MPH)
|
|
Batting: RHB Devon Dill
|
0-0: Called Strike 0-1: Ball Wild Pitch! Elias Vences to third 1-1: Called Strike 1-2: Foul Ball, location: 2F 1-2: SINGLE (Groundball, 56D, EV 95.0 MPH) Elias Vences scores
|
|
Batting: RHB Yuusei Narita
|
0-0: Called Strike 0-1: SINGLE (Groundball, 34D, EV 94.4 MPH) Devon Dill to second Runner from 2nd tries for 3rd, OUT! 9-5
|
|
Batting: LHB Justin Daley
|
0-0: Fly out, F3 (Popup, 34S, EV 72.5 MPH)
|
| Bottom of the 1st over - 1 run, 3 hits, 0 errors, 1 left on base; Grand Junction 0 - San Diego (APP) 1 |
| TOP OF THE 2ND |
|
Grand Junction Rockies batting - Pitching for San Diego (APP) Padres : RHP Sam Barbuto
|
|
Batting: RHB Carlos Manriquez
|
0-0: Swinging Strike 0-1: Swinging Strike 0-2: Ball 1-2: Foul Ball, location: 2F 1-2: Ball 2-2: Strikes out looking
|
|
Batting: RHB Joe Shade
|
0-0: Ball 1-0: Called Strike 1-1: Foul Ball, location: 2F 1-2: Strikes out swinging
|
|
Batting: RHB Edwin Bejarano
|
0-0: Ball 1-0: Ball 2-0: Swinging Strike 2-1: Foul Ball, location: 2F 2-2: Strikes out swinging
|
| Top of the 2nd over - 0 runs, 0 hits, 0 errors, 0 left on base; Grand Junction 0 - San Diego (APP) 1 |
| BOTTOM OF THE 2ND |
|
San Diego (APP) Padres batting - Pitching for Grand Junction Rockies : LHP Ernesto Galindo
|
|
Batting: RHB Alex Collazo
|
0-0: Ball 1-0: Called Strike 1-1: Ball 2-1: DOUBLE (Groundball, 5L, EV 100.6 MPH)
|
|
Batting: RHB Aaron Joseph
|
0-0: Foul Ball, location: 2F 0-1: 2-RUN HOME RUN (Flyball, 8RXD, EV 108.1 MPH), Distance : 434 ft
|
|
Batting: RHB Kevin Davis
|
0-0: DOUBLE (Groundball, 5L, EV 104.4 MPH)
|
|
Batting: LHB Ramon Padilla
|
0-0: Ball 1-0: Ground out U3 (Groundball, 3, EV 86.2 MPH) Kevin Davis to third
|
|
Batting: RHB Elias Vences
|
0-0: Foul Ball, location: 2F 0-1: Foul Ball, location: 2F 0-2: Foul Ball, location: 2F 0-2: Strikes out swinging
|
|
Batting: RHB Victor Contreras
|
0-0: SINGLE (Line Drive, 4M, EV 97.5 MPH) Kevin Davis scores
|
|
Batting: RHB Devon Dill
|
0-0: Fly out, F9 (Flyball, 89D, EV 110.0 MPH)
|
| Bottom of the 2nd over - 3 runs, 4 hits, 0 errors, 1 left on base; Grand Junction 0 - San Diego (APP) 4 |
| TOP OF THE 3RD |
|
Grand Junction Rockies batting - Pitching for San Diego (APP) Padres : RHP Sam Barbuto
|
|
Batting: SHB J.D. Newman
|
0-0: Called Strike 0-1: SINGLE (Flyball, 89M, EV 78.8 MPH)
|
|
Batting: RHB Xavier Williams
|
0-0: Called Strike 0-1: Hit by Pitch J.D. Newman to second
|
|
Batting: SHB Rich McDonald
|
0-0: Called Strike 0-1: Ball 1-1: Called Strike 1-2: Ball 2-2: Strikes out swinging
|
|
Batting: RHB Ivan Castaneda
|
0-0: Foul Ball, location: 2F 0-1: Foul Ball, location: 2F 0-2: Strikes out swinging
|
|
Batting: RHB Justin Garrett
|
0-0: Ball 1-0: Ball 2-0: Swinging Strike 2-1: Swinging Strike 2-2: Ball 3-2: Base on Balls J.D. Newman to third Xavier Williams to second
|
|
Batting: RHB Josh Lofgreen
|
0-0: Ball 1-0: Called Strike 1-1: Fly out, F9 (Flyball, 9S, EV 82.5 MPH)
|
| Top of the 3rd over - 0 runs, 1 hit, 0 errors, 3 left on base; Grand Junction 0 - San Diego (APP) 4 |
| BOTTOM OF THE 3RD |
|
San Diego (APP) Padres batting - Pitching for Grand Junction Rockies : LHP Ernesto Galindo
|
|
Batting: RHB Yuusei Narita
|
0-0: SINGLE (Groundball, 4MD, EV 106.2 MPH)
|
|
Batting: LHB Justin Daley
|
0-0: Grounds into double play, 4-6-3 (Groundball, 4, EV 98.8 MPH)
|
|
Batting: RHB Alex Collazo
|
0-0: Hit by Pitch
|
|
Batting: RHB Aaron Joseph
|
0-0: Ball Passed Ball! Alex Collazo to second 1-0: Ground out 6-3 (Groundball, 6, EV 92.5 MPH)
|
| Bottom of the 3rd over - 0 runs, 1 hit, 0 errors, 1 left on base; Grand Junction 0 - San Diego (APP) 4 |
| TOP OF THE 4TH |
|
Grand Junction Rockies batting - Pitching for San Diego (APP) Padres : RHP Sam Barbuto
|
|
Batting: RHB Carlos Manriquez
|
0-0: Swinging Strike 0-1: Ball 1-1: Ball 2-1: Foul Ball, location: 2F 2-2: Foul Ball, location: 2F 2-2: Strikes out swinging
|
|
Batting: RHB Joe Shade
|
0-0: Called Strike 0-1: Swinging Strike 0-2: Strikes out swinging
|
|
Batting: RHB Edwin Bejarano
|
0-0: Ball 1-0: Ball 2-0: Called Strike 2-1: SINGLE (Groundball, 6MD, EV 96.9 MPH)
|
|
Batting: SHB J.D. Newman
|
0-0: Ball 1-0: Ball Edwin Bejarano is caught stealing 2nd base 2-6
|
| Top of the 4th over - 0 runs, 1 hit, 0 errors, 0 left on base; Grand Junction 0 - San Diego (APP) 4 |
| BOTTOM OF THE 4TH |
|
San Diego (APP) Padres batting - Pitching for Grand Junction Rockies : LHP Ernesto Galindo
|
|
Batting: RHB Kevin Davis
|
0-0: Called Strike 0-1: Ball 1-1: Ground out 5-3 (Groundball, 25, EV 89.4 MPH)
|
|
Batting: LHB Ramon Padilla
|
0-0: Ball 1-0: Foul Ball, location: 2F 1-1: Fly out, F7 (Flyball, 7, EV 96.9 MPH)
|
|
Batting: RHB Elias Vences
|
0-0: Hit by Pitch
|
|
Batting: RHB Victor Contreras
|
0-0: Ball 1-0: Ball Passed Ball! Elias Vences to second 2-0: Ball 3-0: Called Strike 3-1: Base on Balls
|
|
Batting: RHB Devon Dill
|
0-0: Ball Wild Pitch! Elias Vences to third Victor Contreras to second 1-0: Called Strike 1-1: Ball 2-1: Foul Ball, location: 2F 2-2: Ball 3-2: Base on Balls
|
|
Batting: RHB Yuusei Narita
|
0-0: Ball 1-0: Fly out, F8 (Line Drive, 8LD, EV 88.8 MPH)
|
| Bottom of the 4th over - 0 runs, 0 hits, 0 errors, 3 left on base; Grand Junction 0 - San Diego (APP) 4 |
| TOP OF THE 5TH |
|
Grand Junction Rockies batting - Pitching for San Diego (APP) Padres : RHP Sam Barbuto
|
|
Batting: SHB J.D. Newman
|
0-0: Swinging Strike 0-1: Ball 1-1: Fly out, F7 (Flyball, 7LM, EV 102.5 MPH)
|
|
Batting: RHB Xavier Williams
|
0-0: Called Strike 0-1: Swinging Strike 0-2: Strikes out swinging
|
|
Batting: SHB Rich McDonald
|
0-0: Ball 1-0: Ball 2-0: Ball 3-0: Base on Balls
|
|
Batting: RHB Ivan Castaneda
|
0-0: Ball Wild Pitch! Rich McDonald to second 1-0: Ball 2-0: Called Strike 2-1: Called Strike 2-2: Strikes out swinging
|
| Top of the 5th over - 0 runs, 0 hits, 0 errors, 1 left on base; Grand Junction 0 - San Diego (APP) 4 |
| BOTTOM OF THE 5TH |
|
San Diego (APP) Padres batting - Pitching for Grand Junction Rockies : LHP Ernesto Galindo
|
|
Batting: LHB Justin Daley
|
0-0: Fly out, F9 (Flyball, 9D, EV 96.2 MPH)
|
|
Batting: RHB Alex Collazo
|
0-0: Foul Ball, location: 2F 0-1: Ball 1-1: Ball 2-1: Called Strike 2-2: Fly out, F9 (Flyball, 9, EV 83.1 MPH)
|
|
Batting: RHB Aaron Joseph
|
0-0: Ground out 1-3 (Groundball, P, EV 70.6 MPH)
|
| Bottom of the 5th over - 0 runs, 0 hits, 0 errors, 0 left on base; Grand Junction 0 - San Diego (APP) 4 |
| TOP OF THE 6TH |
|
Grand Junction Rockies batting - Pitching for San Diego (APP) Padres : RHP Sam Barbuto
|
|
Batting: RHB Justin Garrett
|
0-0: Ball 1-0: Ball 2-0: Foul Ball, location: 2F 2-1: Ball 3-1: Foul Ball, location: 2F 3-2: Ground out 5-3 (Groundball, 56S, EV 70.6 MPH)
|
|
Batting: RHB Josh Lofgreen
|
0-0: Ball 1-0: Called Strike 1-1: Ball 2-1: Ground out 6-3 (Groundball, 6, EV 91.9 MPH)
|
|
Batting: RHB Carlos Manriquez
|
0-0: Fly out, F9 (Flyball, 9, EV 82.5 MPH)
|
| Top of the 6th over - 0 runs, 0 hits, 0 errors, 0 left on base; Grand Junction 0 - San Diego (APP) 4 |
| BOTTOM OF THE 6TH |
|
San Diego (APP) Padres batting - Pitching for Grand Junction Rockies : LHP Ernesto Galindo
|
|
Batting: RHB Kevin Davis
|
0-0: Ball 1-0: Ball 2-0: Ball 3-0: Called Strike 3-1: Called Strike 3-2: Base on Balls
|
|
Batting: LHB Ramon Padilla
|
0-0: Ball 1-0: Foul Ball, location: 2F 1-1: DOUBLE (Line Drive, 7LM, EV 110.0 MPH) Kevin Davis to third
|
|
Batting: RHB Elias Vences
|
0-0: Ball Wild Pitch! Kevin Davis scores Ramon Padilla to third 1-0: Ground out 5-3 (Groundball, 5S, EV 83.1 MPH)
|
|
Batting: RHB Victor Contreras
|
0-0: SINGLE (Groundball, P, EV 76.2 MPH) (infield hit) Ramon Padilla scores
|
|
Batting: RHB Devon Dill
|
0-0: Called Strike 0-1: Ball Passed Ball! Victor Contreras to second 1-1: Foul Ball, location: 2F 1-2: Ball Wild Pitch! Victor Contreras to third 2-2: Foul Ball, location: 2F 2-2: Foul Ball, location: 2F 2-2: Ball 3-2: Foul Ball, location: 2F 3-2: Base on Balls
|
|
Batting: RHB Yuusei Narita
|
0-0: Ball 1-0: 3-RUN HOME RUN (Flyball, 8RXD, EV 105.6 MPH), Distance : 450 ft
|
|
Pitching: RHP Julio Marquez
|
|
|
Batting: LHB Justin Daley
|
0-0: Swinging Strike 0-1: Foul Ball, location: 2F 0-2: Strikes out looking
|
|
Batting: RHB Alex Collazo
|
0-0: Ball 1-0: SOLO HOME RUN (Flyball, 7D, EV 99.4 MPH), Distance : 365 ft
|
|
Batting: RHB Aaron Joseph
|
0-0: Ball 1-0: Called Strike 1-1: Ball 2-1: Foul Ball, location: 2F 2-2: Foul Ball, location: 2F 2-2: Foul Ball, location: 2F 2-2: Ball 3-2: Base on Balls
|
|
Batting: RHB Kevin Davis
|
0-0: Ball Passed Ball! Aaron Joseph to second 1-0: Foul Ball, location: 2F 1-1: 2-RUN HOME RUN (Flyball, 7D, EV 97.5 MPH), Distance : 376 ft
|
|
Batting: LHB Ramon Padilla
|
0-0: DOUBLE (Line Drive, 5D, EV 96.9 MPH)
|
|
Batting: RHB Elias Vences
|
0-0: Called Strike 0-1: Ball 1-1: Reached on error, E4 (Groundball, 34, EV 85.6 MPH) Ramon Padilla to third
|
|
Batting: RHB Victor Contreras
|
0-0: Called Strike 0-1: Swinging Strike 0-2: Ball 1-2: Foul Ball, location: 2F 1-2: Ball Wild Pitch! Ramon Padilla scores Elias Vences to second 2-2: Ball Wild Pitch! Elias Vences to third 3-2: Base on Balls
|
|
Batting: RHB Devon Dill
|
0-0: Ball Passed Ball! Elias Vences scores Victor Contreras to second 1-0: Ball 2-0: Ball Passed Ball! Victor Contreras to third 3-0: Called Strike 3-1: Called Strike 3-2: Base on Balls
|
|
Pitching: LHP Omar Samario
|
|
|
Batting: RHB Yuusei Narita
|
0-0: Foul Ball, location: 2F 0-1: Ball 1-1: Fly out, F9 (Line Drive, 9, EV 110.0 MPH)
|
| Bottom of the 6th over - 10 runs, 6 hits, 1 error, 2 left on base; Grand Junction 0 - San Diego (APP) 14 |
| TOP OF THE 7TH |
|
Grand Junction Rockies batting - Pitching for San Diego (APP) Padres : RHP Sam Barbuto
|
|
Pitching: LHP Cory Watson
|
|
|
Batting: RHB Joe Shade
|
0-0: Called Strike 0-1: Called Strike 0-2: Strikes out looking
|
|
Batting: RHB Edwin Bejarano
|
0-0: Swinging Strike 0-1: Called Strike 0-2: Ball 1-2: Strikes out swinging
|
|
Batting: SHB J.D. Newman
|
0-0: Called Strike 0-1: Ball 1-1: Swinging Strike 1-2: Ball 2-2: Strikes out swinging
|
| Top of the 7th over - 0 runs, 0 hits, 0 errors, 0 left on base; Grand Junction 0 - San Diego (APP) 14 |
| BOTTOM OF THE 7TH |
|
San Diego (APP) Padres batting - Pitching for Grand Junction Rockies : LHP Omar Samario
|
|
Pinch Hitting: RHB Jon Groseclose
|
0-0: Ball 1-0: Called Strike 1-1: Called Strike 1-2: SINGLE (Line Drive, 6MD, EV 94.4 MPH)
|
|
Batting: RHB Alex Collazo
|
0-0: Ball Wild Pitch! Jon Groseclose to second 1-0: Ball 2-0: SINGLE (Flyball, 7LS, EV 96.9 MPH) Jon Groseclose to third
|
|
Batting: LHB Conor Barron
|
0-0: Ball 1-0: Ball Passed Ball! Jon Groseclose scores Alex Collazo to second 2-0: Ball 3-0: Base on Balls
|
|
Batting: RHB Kevin Davis
|
0-0: Called Strike 0-1: SINGLE (Line Drive, 34, EV 98.1 MPH) Alex Collazo to third Conor Barron to second
|
|
Batting: LHB Ramon Padilla
|
0-0: Ball 1-0: Swinging Strike 1-1: Ball 2-1: Ball 3-1: Foul Ball, location: 2F 3-2: GRAND SLAM HOME RUN (Flyball, 9LD, EV 91.2 MPH), Distance : 353 ft
|
|
Pitching: RHP Mike Chiquete
|
|
|
Batting: RHB Elias Vences
|
0-0: Foul Ball, location: 2F 0-1: Called Strike 0-2: Foul Ball, location: 2F 0-2: Foul Ball, location: 2F 0-2: Strikes out swinging
|
|
Batting: RHB Victor Contreras
|
0-0: Swinging Strike 0-1: Ground out 3-1 (Groundball, 34, EV 83.1 MPH)
|
|
Batting: RHB Devon Dill
|
0-0: Ball 1-0: Called Strike 1-1: Called Strike 1-2: Fly out, F9 (Line Drive, 9D, EV 90.0 MPH)
|
| Bottom of the 7th over - 5 runs, 4 hits, 0 errors, 0 left on base; Grand Junction 0 - San Diego (APP) 19 |
| TOP OF THE 8TH |
|
Grand Junction Rockies batting - Pitching for San Diego (APP) Padres : LHP Cory Watson
|
|
Now at 1B: Jon Groseclose
|
|
|
Batting: RHB Xavier Williams
|
0-0: Foul Ball, location: 2F 0-1: Swinging Strike 0-2: Ball 1-2: Ball 2-2: Foul Ball, location: 2F 2-2: Ground out 5-3 (Groundball, 5S, EV 80.6 MPH)
|
|
Batting: SHB Rich McDonald
|
0-0: Called Strike 0-1: Ball 1-1: Ball 2-1: Foul Ball, location: 2F 2-2: Reached on error, E6 (Groundball, 6M, EV 89.4 MPH)
|
|
Batting: RHB Ivan Castaneda
|
0-0: Ball 1-0: Ball 2-0: Swinging Strike 2-1: Foul Ball, location: 2F 2-2: Strikes out looking
|
|
Batting: RHB Justin Garrett
|
0-0: Ball 1-0: Swinging Strike 1-1: Swinging Strike 1-2: Strikes out swinging
|
| Top of the 8th over - 0 runs, 0 hits, 1 error, 1 left on base; Grand Junction 0 - San Diego (APP) 19 |
| BOTTOM OF THE 8TH |
|
San Diego (APP) Padres batting - Pitching for Grand Junction Rockies : RHP Mike Chiquete
|
|
Batting: RHB Yuusei Narita
|
0-0: Called Strike 0-1: Ball 1-1: Ball 2-1: TRIPLE (Flyball, 9D, EV 99.4 MPH)
|
|
Batting: RHB Jon Groseclose
|
0-0: Called Strike Passed Ball! Yuusei Narita scores 0-1: Foul Ball, location: 2F 0-2: Ball 1-2: Ball 2-2: Foul Ball, location: 2F 2-2: Ball 3-2: Base on Balls
|
|
Batting: RHB Alex Collazo
|
0-0: SINGLE (Groundball, 56D, EV 96.9 MPH) Jon Groseclose to second
|
|
Batting: LHB Conor Barron
|
0-0: Ball 1-0: Ball 2-0: Fly out, F9 (Flyball, 9LM, EV 89.4 MPH)
|
|
Pitching: RHP Tom Gentry
|
|
|
Batting: RHB Kevin Davis
|
0-0: Foul Ball, location: 2F 0-1: Ball Passed Ball! Jon Groseclose to third Alex Collazo to second 1-1: Ball 2-1: Ball 3-1: Base on Balls
|
|
Batting: LHB Ramon Padilla
|
0-0: Swinging Strike 0-1: Ball Passed Ball! Jon Groseclose scores Alex Collazo to third Kevin Davis to second 1-1: Ball 2-1: Ball 3-1: Foul Ball, location: 2F 3-2: Base on Balls
|
|
Batting: RHB Elias Vences
|
0-0: Ball Passed Ball! Alex Collazo scores Kevin Davis to third Ramon Padilla to second 1-0: Called Strike 1-1: Ball 2-1: Foul Ball, location: 2F 2-2: SINGLE (Groundball, 3D, EV 101.9 MPH) Kevin Davis scores Ramon Padilla to third Runner from 3rd tries for Home, SAFE, throw by RF to home
|
|
Batting: RHB Victor Contreras
|
0-0: SINGLE (Groundball, 34D, EV 105.6 MPH) Elias Vences to second
|
|
Batting: RHB Devon Dill
|
0-0: Ball 1-0: Foul Ball, location: 2F 1-1: Swinging Strike 1-2: Strikes out looking
|
|
Pitching: RHP Jerry Dunne
|
|
|
Batting: RHB Yuusei Narita
|
0-0: 3-RUN HOME RUN (Flyball, 7D, EV 103.1 MPH), Distance : 386 ft
|
|
Batting: RHB Jon Groseclose
|
0-0: Called Strike 0-1: Fly out, F9 (Flyball, 9D, EV 107.5 MPH)
|
| Bottom of the 8th over - 8 runs, 5 hits, 0 errors, 0 left on base; Grand Junction 0 - San Diego (APP) 27 |
| TOP OF THE 9TH |
|
Grand Junction Rockies batting - Pitching for San Diego (APP) Padres : LHP Cory Watson
|
|
Pitching: LHP Trevor Lewis
|
|
|
Batting: RHB Josh Lofgreen
|
0-0: Foul Ball, location: 2F 0-1: Ball 1-1: Ball 2-1: SOLO HOME RUN (Flyball, 7D, EV 96.2 MPH), Distance : 367 ft
|
|
Batting: RHB Carlos Manriquez
|
0-0: Ball 1-0: Foul Ball, location: 2F 1-1: Fly out, F8 (Flyball, 78S, EV 96.2 MPH)
|
|
Batting: RHB Joe Shade
|
0-0: Called Strike 0-1: Called Strike 0-2: Ball 1-2: Foul Ball, location: 2F 1-2: Ball 2-2: Ball 3-2: Base on Balls
|
|
Batting: RHB Edwin Bejarano
|
0-0: Called Strike 0-1: Ball 1-1: Ball 2-1: Hit by Pitch Joe Shade to second
|
|
Pitching: RHP Eric Busby
|
|
|
Batting: SHB J.D. Newman
|
0-0: Ball 1-0: Ball 2-0: Called Strike 2-1: Swinging Strike 2-2: Strikes out swinging
|
|
Batting: RHB Xavier Williams
|
0-0: Called Strike 0-1: Ball 1-1: Called Strike 1-2: Ball 2-2: Fielders Choice at 2nd, 5-4 (Groundball, 5, EV 90.6 MPH)
|
| Top of the 9th over - 1 run, 1 hit, 0 errors, 2 left on base; Grand Junction 1 - San Diego (APP) 27 |
|